Map: Selva profunda EE

Players

TATORREA

  • Race: Protoss Protoss
  • League: Silver
  • Spawn Location: 7:00

tigro

  • Race: Terran Terran
  • League: Bronze
  • Spawn Location: 7:00

MrFercho

  • Race: Zerg Zerg
  • League: Silver
  • Spawn Location: 7:00

Spicy - Winner!

  • Race: Terran Terran
  • Spawn Location: 1:00

barryydalive - Winner!

  • Race: Protoss Protoss
  • League: Gold
  • Spawn Location: 3:00

shroomz - Winner!

  • Race: Protoss Protoss
  • League: Gold
  • Spawn Location: 1:00

VOD

Have the link to the VOD?

Description

Time

  • Played on: June 5, 2020, 8:23 p.m.
  • Length: 17:16
Show
View Real Time Build Order
Export as new Build Order

TATORREA Protoss 

Build Orders:  

Get SALT Encoding   

  12  0:01  Probe  
  13  0:17  Probe, Pylon  
  14  0:29  Probe  
  15  0:40  Forge  
  15  0:43  Probe  
  16  0:55  Probe, Gateway  
  17  1:07  Probe  
  18  1:14  Pylon  
  18  1:37  Pylon  
  18  1:58  Pylon  
  17  2:22  Cybernetics Core  
  17  2:24  Probe  
  17  2:25  Assimilator  
  17  2:27  Zealot  
  20  2:41  Probe, Gateway  
  20  2:42  Gateway  
  21  2:54  Probe  
  22  3:08  Probe, Assimilator  
  23  3:35  Probe  
  24  3:44  Warp Gate  
  24  3:48  Stalker x2  
  24  3:54  Stalker  
  30  4:01  Pylon  
  30  4:03  Pylon  
  30  4:07  Pylon  
  30  4:10  Probe, Nexus  
  31  4:22  Probe  
  31  4:23  Twilight Council  
  32  4:28  Pylon  
  32  4:33  Pylon  
  32  4:34  Probe  
  33  4:45  Protoss Ground Weapons Level 1  
  33  4:46  Probe  
  33  4:52  Stalker  
  36  4:54  Zealot x2  
  36  4:58  Probe  
  41  5:06  Charge  
  37  5:39  Stalker x3  
  43  5:53  Probe x2  
  45  6:05  Probe  
  45  6:06  Probe  
  47  6:12  Stargate  
  47  6:17  Probe  
  47  6:18  Probe  
  49  6:22  Stalker x2  
  53  6:26  Zealot  
  53  6:29  Probe  
  53  6:30  Probe  
  57  6:42  Probe x2  
  59  6:54  Probe x2  
  61  7:04  Gateway  
  61  7:07  Gateway  
  61  7:08  Robotics Facility, Gateway  
  61  7:10  Stargate  
  61  7:15  Assimilator  
  61  7:18  Stalker  
  61  7:20  Assimilator  
  63  7:27  Probe  
  50  7:59  Stalker  
  50  8:00  Stalker x2  
  56  8:05  Stalker  
  56  8:06  Stalker  
  60  8:14  Probe x2  
  58  8:26  Probe  
  58  8:27  Probe  
  50  8:38  Probe  
  50  8:39  Probe  
  48  8:50  Probe  
  48  8:51  Probe  
  48  8:53  Pylon  
  50  8:56  Photon Cannon  
  50  8:59  Photon Cannon  
  50  9:02  Photon Cannon  
  48  9:03  Probe x2  
  48  9:04  Photon Cannon  
  36  9:11  Stalker  
  36  9:12  Stalker x2  
  36  9:15  Probe x2  
  32  9:27  Probe x2  
  34  9:39  Probe x2  
  30  9:47  Stalker  
  30  9:48  Stalker  
  30  9:49  Zealot  
  30  9:50  Zealot  
  38  10:26  Stalker x2  
  38  10:27  Stalker x3  
  38  10:28  Stalker  
  50  10:34  Probe x2  
  52  10:46  Probe  
  53  10:51  Observer  
  53  10:56  Protoss Ground Weapons Level 2  
  53  11:04  Stalker  
  53  11:05  Stalker  
  53  11:07  Zealot  
  25  11:41  Zealot  
  23  12:30  Phoenix x2  
  27  12:55  Phoenix x2  
  27  13:20  Phoenix x2  
  27  13:45  Phoenix x2  
  24  14:10  Phoenix  
  24  14:13  Phoenix  
Show
View Real Time Build Order
Export as new Build Order

tigro Terran 

Build Orders:  

Get SALT Encoding   

  12  0:05  SCV  
  13  0:17  SCV  
  14  0:24  Supply Depot  
  14  0:29  SCV  
  14  0:31  Refinery  
  15  0:46  SCV  
  16  0:57  Barracks  
  16  0:58  SCV  
  17  1:06  Refinery  
  17  1:10  SCV  
  18  1:22  SCV  
  19  1:32  Supply Depot  
  19  1:34  SCV  
  20  1:44  Marine  
  20  1:46  SCV  
  22  1:58  SCV  
  23  2:02  Marine  
  24  2:10  Barracks  
  24  2:18  Engineering Bay  
  24  2:20  SCV, Marine  
  26  2:33  SCV  
  27  2:37  Marine  
  28  2:55  Marine  
  29  3:04  Barracks Tech Lab  
  29  3:08  Factory  
  29  3:18  Command Center  
  29  3:21  Terran Infantry Weapons Level 1  
  29  3:31  Orbital Command  
  29  3:35  Barracks Tech Lab  
  29  3:54  Combat Shield  
  29  3:59  Stimpack  
  29  4:01  Factory Tech Lab  
  29  4:33  Planetary Fortress  
  29  4:41  Refinery  
  29  4:51  Missile Turret  
  29  5:12  Concussive Shells  
  29  5:13  SCV  
  30  5:15  Terran Infantry Armor Level 1  
  30  5:20  Siege Tank  
  33  5:22  Missile Turret  
  33  5:25  SCV  
  34  5:37  SCV, Refinery  
  34  5:39  Marine  
  34  5:40  Marine  
  37  5:42  Missile Turret  
  37  5:49  SCV  
  38  5:53  Siege Tank  
  41  5:57  Marine  
  41  6:01  SCV  
  43  6:16  Missile Turret  
  43  6:40  Starport  
  43  7:00  SCV  
  44  7:09  Neosteel Armor  
  44  7:13  SCV  
  45  7:22  Armory  
  45  7:23  Medivac  
  45  7:25  SCV  
  48  7:37  SCV  
  49  7:49  SCV  
  50  7:53  Medivac  
  52  8:00  Marine  
  52  8:01  Marine  
  54  8:12  Fusion Core  
  54  8:18  Marine x2  
  56  8:36  Marine x2  
  58  8:49  Hi-Sec Auto Tracking  
  58  8:53  Starport Tech Lab  
  58  8:54  Marine x2  
  60  9:12  Marine x2  
  62  9:46  Terran Infantry Weapons Level 2  
  56  9:56  Marine  
  56  9:57  Marine  
  58  10:14  Marine x2  
  60  10:32  Marine x2  
  62  10:36  Weapon Refit  
  62  10:48  Supply Depot  
  62  11:10  Marine x2, Thor  
  70  11:12  Supply Depot  
  70  11:22  Battlecruiser  
  58  11:27  Marine x2  
  60  11:36  Supply Depot  
  56  11:45  Marine x2  
  58  11:52  Thor  
  64  12:01  Terran Infantry Armor Level 2  
  64  12:03  Marine x2  
  59  12:16  Rapid Reignition System  
  59  12:21  Marine x2  
  61  12:26  Medivac  
  63  12:35  Thor  
  69  12:39  Marine x2  
  71  12:46  Terran Vehicle Weapons Level 1  
  71  12:56  Battlecruiser  
  71  12:57  Marine x2  
  58  13:13  Advanced Ballistics  
  58  13:14  Marine x2  
  52  13:28  Thor  
  52  13:32  Marine x2  
  42  13:50  Marine x2  
  44  14:00  Battlecruiser  
  44  14:08  Marine x2  
  44  14:11  Thor  
  43  14:26  Marine x2  
  37  14:43  Marine x2  
  38  14:57  Orbital Command  
  38  15:01  Marine x2  
  34  15:19  Marine x2  
  14  15:52  Missile Turret  
  14  16:03  Refinery  
  14  16:08  Refinery  
Show
View Real Time Build Order
Export as new Build Order

MrFercho Zerg 

Build Orders: Pool First 

Get SALT Encoding   

  12  0:04  Drone  
  13  0:11  Drone  
  14  0:28  Extractor x2  
  13  0:30  Drone x2  
  16  0:36  Overlord  
  16  0:46  Spawning Pool  
  15  0:54  Drone  
  16  0:58  Drone  
  16  1:01  Extractor  
  16  1:07  Drone  
  17  1:16  Drone  
  19  1:25  Drone  
  19  1:32  Queen  
  21  1:38  Drone  
  21  1:39  Extractor  
  21  2:06  Drone  
  21  2:07  Overlord  
  22  2:16  Hatchery, Drone  
  22  2:20  Metabolic Boost  
  22  2:29  Drone  
  23  2:31  Drone  
  24  2:45  Drone x3  
  24  2:46  Drone  
  28  2:59  Drone  
  29  3:18  Extractor  
  28  3:22  Extractor  
  27  3:31  Roach Warren  
  27  3:32  Evolution Chamber  
  25  3:35  Drone x6  
  25  3:36  Hatchery  
  30  3:42  Queen  
  32  4:08  Drone x2  
  32  4:09  Drone  
  35  4:12  Drone  
  35  4:13  Overlord x2  
  36  4:24  Lair  
  36  4:27  Zerg Ground Armor Level 1  
  36  4:37  Evolution Chamber  
  35  4:52  Drone  
  36  4:53  Drone x6  
  36  4:58  Queen  
  44  5:13  Drone x2  
  44  5:14  Drone x3  
  49  5:26  Drone  
  50  5:47  Zerg Missile Weapons Level 1  
  50  5:54  Hydralisk Den  
  49  5:57  Drone x2  
  49  5:58  Drone x3  
  54  6:08  Extractor  
  54  6:10  Overlord, Drone x3  
  54  6:11  Overlord x3  
  56  6:13  Extractor  
  55  6:31  Roach  
  55  6:32  Roach x8  
  73  6:35  Zerg Ground Armor Level 2  
  73  6:41  Grooved Spines  
  73  6:50  Infestation Pit  
  72  7:04  Drone x4  
  76  7:08  Drone  
  76  7:09  Drone  
  76  7:14  Drone x4  
  82  7:26  Hive  
  82  7:27  Hatchery  
  82  7:28  Pathogen Glands  
  81  7:32  Hatchery  
  80  7:52  Muscular Augments  
  80  8:04  Glial Reconstitution  
  80  8:24  Neural Parasite  
  80  8:28  Overseer  
  80  8:46  Overseer  
  80  8:50  Pneumatized Carapace  
  80  8:56  Hydralisk  
  80  8:57  Hydralisk x10  
  100  9:23  Tunneling Claws  
  88  9:34  Zergling x2  
  88  9:35  Zergling x16  
  97  9:43  Microbial Shroud  
  97  9:48  Hydralisk  
  97  9:49  Hydralisk  
  97  9:51  Overlord x2  
  97  9:52  Overlord x6  
  101  9:53  Overlord  
  101  9:58  Zerg Ground Armor Level 3, Zerg Missile Weapons Level 2  
  101  10:18  Hatchery, Drone x2  
  101  10:19  Hatchery  
  101  10:23  Adrenal Glands  
  101  10:30  Infestor x4  
  109  10:36  Burrow  
  109  10:41  Drone x4  
  113  10:50  Hydralisk x2  
  113  10:51  Hydralisk x14  
  113  10:52  Spire  
  113  10:53  Spire  
  68  12:04  Hydralisk  
  68  12:05  Hydralisk x14  
  98  12:17  Corruptor x6  
  110  12:32  Zerg Flyer Armor Level 1, Zerg Flyer Weapons Level 1  
  110  12:34  Zerg Missile Weapons Level 3  
  110  12:37  Zerg Melee Weapons Level 1  
  110  12:41  Infestor  
  110  12:42  Swarm Host  
  110  12:43  Swarm Host  
  98  13:19  Hydralisk x12  
  84  13:24  Zergling x2  
  84  13:25  Zergling x16  
  97  13:35  Mutalisk x2  
  97  13:40  Zergling x2  
  97  13:41  Zergling x8  
  75  14:07  Hydralisk  
  75  14:08  Hydralisk x10  
  86  14:22  Corruptor x2  
  90  14:27  Hydralisk  
  90  14:28  Hydralisk x2  
  96  14:31  Zergling x2  
  96  14:32  Zergling x30  
  98  14:47  Zergling x8  
  68  15:05  Hydralisk  
  68  15:06  Hydralisk x3  
  61  15:16  Hatchery  
  58  15:29  Spine Crawler x2  
  58  15:34  Spine Crawler  
  51  15:45  Spore Crawler  
  46  15:50  Mutalisk  
  46  15:51  Mutalisk x2  
  46  15:54  Mutalisk  
  46  15:55  Mutalisk x5  
  64  16:12  Spore Crawler  
  64  16:17  Mutalisk  
  64  16:18  Mutalisk x2  
  55  16:43  Mutalisk  
  55  16:44  Mutalisk x4  
Show
View Real Time Build Order
Export as new Build Order

Spicy Terran - Winner!

Build Orders:  

Get SALT Encoding   

  12  0:19  Supply Depot  
  12  0:20  SCV  
  13  0:32  SCV  
  14  0:43  Barracks  
  14  0:44  SCV  
  15  0:52  Barracks  
  15  1:00  SCV  
  16  1:12  SCV  
  17  1:31  Marine  
  18  1:40  Supply Depot  
  18  1:43  Supply Depot, Marine  
  19  1:48  Marine  
  20  2:01  Marine  
  20  2:06  Marine  
  22  2:17  SCV  
  22  2:19  Marine  
  24  2:24  Marine  
  25  2:30  Supply Depot, Refinery  
  25  2:37  Marine  
  25  2:41  SCV  
  25  2:42  Marine  
  28  2:54  SCV, Marine  
  28  2:56  Supply Depot  
  30  3:00  Marine  
  31  3:12  Orbital Command, Marine  
  31  3:17  Marine  
  33  3:26  Refinery  
  33  3:30  Marine  
  34  3:35  Marine  
  34  3:36  Command Center  
  35  3:43  Factory  
  35  3:46  SCV  
  36  3:53  Marine, Barracks Tech Lab  
  37  3:58  SCV  
  38  4:11  Marine  
  38  4:13  Stimpack  
  38  4:16  Marine  
  40  4:29  Marine  
  41  4:34  Marine  
  42  4:44  Supply Depot  
  42  4:47  Supply Depot, Marine  
  42  4:49  Supply Depot  
  42  4:52  Marine  
  44  4:53  Factory Tech Lab  
  45  5:10  Barracks Reactor, Marauder  
  46  5:31  Supply Depot  
  46  5:32  Marauder  
  46  5:33  Siege Tank  
  51  5:38  SCV  
  52  5:45  Refinery  
  52  5:50  SCV  
  52  5:52  Marine x2  
  55  6:03  SCV  
  56  6:05  Siege Tank  
  56  6:10  Marine  
  60  6:15  SCV  
  61  6:19  Marine  
  61  6:20  Marine  
  63  6:27  SCV  
  63  6:28  Marine  
  65  6:39  SCV, Starport  
  66  6:46  Marauder  
  68  6:47  Siege Tank  
  68  6:51  SCV  
  72  7:03  SCV  
  72  7:08  Marauder  
  75  7:15  SCV  
  76  7:19  Siege Tank  
  76  7:20  Marine x2  
  81  7:27  SCV  
  81  7:29  Marauder  
  84  7:38  Marine x2  
  84  7:39  SCV  
  87  7:51  Marauder  
  89  8:06  Marine x2  
  89  8:10  SCV  
  89  8:12  Marauder  
  94  8:21  Starport Tech Lab  
  94  8:22  SCV  
  94  8:23  Infernal Pre-Igniter  
  94  8:24  Marine x2  
  94  8:25  Concussive Shells  
  97  8:32  Engineering Bay  
  97  8:33  Marauder  
  99  8:34  SCV  
  99  8:36  Supply Depot  
  99  8:39  Supply Depot  
  100  8:42  Marine x2  
  100  8:45  Armory  
  102  8:58  Marauder  
  102  8:59  Marine x2  
  106  9:12  Terran Infantry Weapons Level 1  
  106  9:13  Bunker  
  106  9:20  Marauder  
  106  9:21  Missile Turret  
  108  9:27  Bunker, Missile Turret  
  108  9:39  Marine x2  
  108  9:41  Marine  
  111  9:48  Liberator  
  114  9:57  Marine  
  114  9:59  Marauder  
  117  10:05  Orbital Command  
  117  10:14  Marine  
  118  11:06  Terran Infantry Armor Level 1  
  118  11:12  Marauder, Marine  
  118  11:22  Marine  
  117  11:28  Siege Tank  
  117  11:29  Marine  
  116  11:33  Marauder  
  116  11:35  Banshee  
  117  11:40  Marine  
  112  11:47  Marine  
  103  11:55  Marauder  
  103  11:58  Marine  
  103  12:00  Siege Tank  
  109  12:05  Marine  
  110  12:16  Marine x2  
  110  12:18  Liberator  
  115  12:23  Marine  
  116  12:33  Marine  
  116  12:34  Marine  
  118  12:48  Marine  
  111  12:51  Marine  
  105  13:01  Liberator  
  105  13:05  Marine x2  
  92  13:10  Marauder  
  93  13:22  Marine  
  93  13:23  Marine  
  95  13:31  Marauder  
  96  13:40  Marine  
  92  13:41  Marine  
  92  13:44  Liberator  
  96  13:52  Marauder  
  97  13:58  Marine  
  97  13:59  Supply Depot, Marine  
  97  14:01  Supply Depot  
  99  14:14  Marauder  
  99  14:16  Marine  
  99  14:17  Marine  
  103  14:34  Marine x2  
  103  14:35  Marauder  
  99  14:51  Marine  
  99  14:52  Marine  
  100  14:57  Marauder, Starport  
  100  14:58  Medivac  
  96  15:07  Siege Tank  
  96  15:09  Marine  
  100  15:18  Marauder  
  102  15:22  Marine  
  102  15:27  Marine  
  104  15:29  Banshee  
  107  15:39  Marauder, Siege Tank  
  107  15:40  Marine  
  113  15:45  Marine, Starport Tech Lab  
  113  15:47  Starport Reactor  
  114  15:58  Marine  
  114  16:01  Marauder  
  114  16:03  Marine  
  118  16:12  Banshee, Siege Tank  
  118  16:16  Marine  
  122  16:20  Marine  
  122  16:22  Marine  
  124  16:34  Marine  
  124  16:39  Marine  
  125  16:40  Marine  
  127  16:51  Marine  
  128  16:57  Marine  
  133  17:10  Supply Depot  
  133  17:11  Supply Depot  
Show
View Real Time Build Order
Export as new Build Order

barryydalive Protoss - Winner!

Build Orders:  

Get SALT Encoding   

  12  0:02  Probe  
  13  0:20  Pylon  
  13  0:23  Probe (Chrono Boost)  
  14  0:34  Probe (Chrono Boost)  
  15  0:39  Probe (Chrono Boost)  
  15  0:42  Gateway  
  16  0:46  Assimilator  
  16  0:53  Probe  
  17  1:05  Probe  
  18  1:17  Probe  
  19  1:34  Cybernetics Core  
  19  1:47  Zealot (Chrono Boost)  
  21  2:05  Zealot  
  23  2:09  Nexus  
  23  2:11  Pylon  
  23  2:25  Warp Gate (Chrono Boost)  
  23  2:40  Probe  
  24  2:45  Stalker  
  26  2:52  Probe  
  27  3:04  Probe  
  28  3:10  Pylon  
  28  3:16  Pylon  
  28  3:18  Probe (Chrono Boost)  
  28  3:19  Assimilator  
  29  3:24  Probe (Chrono Boost)  
  32  3:34  Probe x2 (Chrono Boost)  
  32  3:39  Probe (Chrono Boost)  
  32  3:41  Probe  
  34  3:50  Probe  
  35  3:57  Pylon  
  35  4:00  Assimilator  
  35  4:02  Probe, Robotics Facility  
  36  4:05  Twilight Council, Assimilator  
  36  4:14  Probe  
  36  4:16  Probe  
  38  4:26  Probe  
  38  4:28  Probe (Chrono Boost)  
  40  4:32  Gateway  
  40  4:33  Gateway  
  40  4:38  Probe (Chrono Boost)  
  40  4:45  Probe (Chrono Boost)  
  42  4:49  Probe (Chrono Boost)  
  42  4:52  Observer  
  45  4:53  Probe (Chrono Boost)  
  45  4:58  Probe (Chrono Boost)  
  45  4:59  Probe (Chrono Boost)  
  47  5:04  Charge  
  47  5:05  Probe  
  48  5:07  Probe  
  48  5:10  Zealot  
  48  5:12  Warp Prism  
  53  5:17  Probe  
  53  5:19  Probe  
  55  5:47  Gateway  
  55  5:51  Gateway  
  55  5:57  Forge x2  
  55  6:02  Zealot x2  
  55  6:03  Zealot  
  60  6:16  Robotics Bay  
  60  6:18  Dark Shrine  
  60  6:31  Zealot x3  
  66  6:34  Protoss Ground Armor Level 1, Protoss Ground Weapons Level 1  
  66  6:44  Pylon  
  66  6:47  Pylon  
  66  6:49  Pylon  
  66  6:57  Photon Cannon  
  66  6:59  Photon Cannon  
  66  7:02  Pylon  
  66  7:08  Gateway  
  66  7:12  Gateway  
  66  7:15  Gateway  
  66  7:18  Gateway  
  66  7:37  Zealot x3  
  66  7:38  Zealot x2  
  72  8:01  Dark Templar x5  
  76  8:31  Dark Templar x3  
  76  8:32  Dark Templar  
  82  8:34  Dark Templar  
  76  8:48  Dark Templar x4  
  72  9:29  Zealot x6  
  72  9:30  Zealot x2  
  82  9:34  Zealot  
  66  9:56  Stalker x3  
  66  9:57  Stalker x5  
  66  9:58  Stalker  
  84  10:25  Dark Templar x3  
  84  10:28  Stalker x2  
  94  10:30  Zealot x2  
  94  10:31  Zealot  
  94  10:34  Zealot  
  102  10:59  Nexus  
  94  11:20  Stalker x4  
  94  11:21  Dark Templar  
  94  11:22  Dark Templar  
  94  11:46  Pylon  
  88  11:57  Pylon  
  88  12:01  Pylon  
  88  12:03  Pylon  
  88  12:06  Pylon  
  86  12:09  Pylon  
  86  12:10  Pylon  
  86  12:11  Pylon  
  86  12:16  Pylon  
  86  12:31  Observer  
  87  12:42  Stalker  
  87  12:43  Stalker x2  
  87  12:44  Zealot x5  
  95  12:45  Zealot  
  93  12:53  Observer  
  86  13:07  Stalker x5  
  86  13:08  Stalker x4  
  76  13:36  Zealot x5  
  76  13:37  Zealot x4  
  90  14:28  Stalker x4  
  90  14:29  Stalker x4  
  98  14:45  Zealot  
  72  15:32  Zealot  
  72  15:33  Zealot x7  
  72  15:34  Zealot  
  90  16:05  Zealot x3  
  90  16:06  Zealot x3  
  90  16:08  Zealot  
  90  16:09  Zealot x2  
  96  16:34  Stalker x2  
  96  16:35  Stalker x4  
Show
View Real Time Build Order
Export as new Build Order

shroomz Protoss - Winner!

Build Orders:  

Get SALT Encoding   

  12  0:00  Probe (Chrono Boost)  
  13  0:11  Probe (Chrono Boost)  
  14  0:15  Probe (Chrono Boost)  
  15  0:26  Pylon  
  15  0:31  Pylon  
  15  0:51  Gateway  
  15  0:58  Probe  
  15  0:59  Assimilator  
  16  1:10  Gateway  
  16  1:20  Probe  
  17  1:31  Forge  
  17  1:32  Probe  
  18  1:44  Probe  
  19  2:00  Assimilator  
  19  2:04  Zealot  
  21  2:22  Cybernetics Core  
  21  2:26  Pylon  
  21  2:35  Photon Cannon  
  21  2:38  Zealot x2  
  25  2:56  Probe  
  26  3:08  Probe  
  27  3:16  Nexus  
  27  3:17  Warp Gate (Chrono Boost)  
  27  3:20  Probe  
  27  3:26  Pylon  
  28  3:36  Stalker (Chrono Boost)  
  28  3:37  Stalker (Chrono Boost)  
  32  3:52  Pylon  
  32  4:03  Pylon  
  32  4:18  Photon Cannon  
  32  4:20  Photon Cannon  
  32  4:25  Photon Cannon  
  32  4:26  Stalker (Chrono Boost)  
  36  4:32  Probe (Chrono Boost)  
  36  4:36  Stalker (Chrono Boost)  
  37  4:44  Probe (Chrono Boost)  
  37  4:45  Probe (Chrono Boost)  
  39  4:49  Probe (Chrono Boost)  
  40  4:58  Probe  
  41  5:04  Stargate x2  
  41  5:10  Zealot  
  43  5:32  Twilight Council  
  44  5:35  Probe (Chrono Boost), Pylon  
  44  5:45  Probe (Chrono Boost)  
  44  5:46  Pylon  
  45  5:50  Probe (Chrono Boost)  
  45  5:54  Void Ray (Chrono Boost)  
  46  6:02  Probe  
  51  6:14  Probe  
  51  6:16  Void Ray  
  56  6:26  Probe, Fleet Beacon  
  56  6:31  Stalker  
  59  6:38  Probe (Chrono Boost)  
  59  6:39  Photon Cannon  
  60  6:43  Pylon  
  60  6:46  Assimilator  
  60  6:48  Assimilator  
  60  6:50  Probe (Chrono Boost)  
  61  6:58  Probe (Chrono Boost)  
  62  7:04  Probe (Chrono Boost)  
  64  7:16  Probe (Chrono Boost)  
  64  7:18  Stalker x2  
  64  7:21  Probe (Chrono Boost)  
  69  7:24  Carrier (Chrono Boost)  
  75  7:31  Probe  
  80  7:40  Void Ray (Chrono Boost)  
  80  7:43  Probe  
  81  7:55  Probe, Charge (Chrono Boost), Flux Vanes  
  82  8:07  Probe, Sentry  
  82  8:09  Zealot  
  87  8:19  Probe  
  88  8:31  Probe  
  89  8:37  Zealot  
  89  8:39  Zealot  
  93  9:03  Pylon  
  93  9:05  Gateway  
  93  9:07  Gateway  
  93  9:14  Stargate  
  93  9:16  Stargate  
  93  9:21  Nexus  
  93  9:23  Assimilator  
  93  9:28  Assimilator  
  93  9:29  Void Ray x2  
  93  9:30  Pylon  
  101  9:32  Pylon  
  101  9:36  Zealot  
  101  9:37  Pylon, Zealot  
  105  9:42  Blink (Chrono Boost)  
  105  9:57  Photon Cannon  
  105  10:00  Protoss Air Weapons Level 1 (Chrono Boost)  
  105  10:02  Photon Cannon  
  105  10:05  Photon Cannon  
  105  10:07  Photon Cannon  
  105  10:09  Void Ray  
  109  10:26  Stalker x2  
  109  10:27  Stalker  
  109  10:28  Zealot  
  117  10:34  Probe (Chrono Boost)  
  118  10:44  Probe (Chrono Boost)  
  118  10:49  Probe (Chrono Boost)  
  120  11:01  Probe  
  117  11:12  Void Ray x4  
  107  11:59  Probe (Chrono Boost)  
  109  12:08  Probe (Chrono Boost)  
  109  12:13  Probe (Chrono Boost)  
  110  12:25  Probe  
  110  12:26  Void Ray (Chrono Boost)  
  110  12:27  Void Ray (Chrono Boost), Carrier x2 (Chrono Boost)  
  131  12:37  Probe  
  131  12:41  Zealot  
  131  12:42  Sentry, Zealot  
  131  12:43  Stalker  
  132  13:02  Void Ray  
  136  13:09  Void Ray  
  128  13:24  Void Ray  
  126  13:38  Void Ray  
  126  13:45  Void Ray  
  130  13:48  Stalker  
  130  13:49  Stalker  
  130  13:51  Void Ray  
  130  13:52  Probe  
  139  14:04  Probe  
  140  14:16  Probe  
  141  14:28  Probe  
  142  14:34  Void Ray  
  146  14:39  Void Ray x2  
  148  15:11  Void Ray  
  148  15:17  Nexus  
  148  16:26  Void Ray x3 (Chrono Boost)  
  164  16:36  Void Ray (Chrono Boost)  
  164  17:00  Pylon  
  164  17:02  Pylon  
  164  17:04  Pylon  
  164  17:06  Pylon  
  164  17:08  Pylon  
  164  17:09  Pylon  
  164  17:16  Pylon  
Tags
 
Add a new tag
Caveats
  • Supply blocks, unpowered buildings, or Contaminate may cause inaccurate times.
  • Supply counts are checked every 10 seconds.